 Dungeon Crawl Stone Soup version 0.30-a0-137-gd8773701ce (webtiles) character file.

Game seed: 14823835971814705966

338 123456 the Digger (level 6, -8/32 HPs)
             Began as a Gargoyle Earth Elementalist on Sept 22, 2022.
             Mangled by Pikel
             ... wielding a +2 whip of flaming
              (10 damage)
             ... on level 4 of the Dungeon.
             The game lasted 00:04:33 (3718 turns).

123456 the Digger (Gargoyle Earth Elementalist)     Turns: 3718, Time: 00:04:33

Health: -8/32      AC:  7    Str: 12    XL:     6   Next: 55%
Magic:  5/11       EV: 12    Int: 17    God:
Gold:   203        SH:  0    Dex: 10    Spells: 8/12 levels left

rFire   . . .      SeeInvis .    q - +0 short sword
rCold   . . .      Faith    .    j - orb {light}
rNeg    + . .      Spirit   .    a - +0 robe
rPois   ∞          Reflect  .    (no helmet)
rElec   +          Harm     .    i - +0 cloak
rCorr   .          Rampage  .    (no gloves)
Will    .....                    (no boots)
Stlth   +.........               h - amulet of magic regeneration
HPRegen 0.10/turn                (no ring)
MPRegen 0.52/turn                (no ring)

@: glowing
A: sickness immunity, AC +4, negative energy resistance 1, electricity
resistance, torment resistance 1, petrification resistance
a: no special abilities


You were on level 4 of the Dungeon.
You visited 1 branch of the dungeon, and saw 4 of its levels.

You collected 203 gold pieces.

Inventory:

Hand Weapons
 q - a +0 short sword (weapon)
Missiles
 s - 7 javelins
 t - 3 poisoned darts
Armour
 a - a +0 robe (worn)
 i - a +0 cloak (worn)
 j - an orb of light (worn)
Jewellery
 h - an amulet of magic regeneration (around neck)
Wands
 w - a wand of flame (25)
 y - a wand of charming (1)
Scrolls
 c - a scroll of enchant armour {unknown}
 e - 2 scrolls of amnesia
 k - 2 scrolls of teleportation {unknown}
 p - a scroll of fear {unknown}
 r - a scroll of enchant weapon {unknown}
 v - a scroll of magic mapping {unknown}
 x - a scroll of summoning {unknown}
Potions
 b - 2 potions of magic
 d - a potion of invisibility {unknown}
 f - a potion of mutation {unknown}
 g - 2 potions of brilliance {unknown}
 l - a potion of attraction {unknown}
 m - 3 potions of heal wounds {unknown}
 n - 3 potions of curing {unknown}
 o - a potion of haste {unknown}
 u - a potion of might {unknown}
 z - 2 potions of degeneration {unknown}


   Skills:
 + Level 2.5 Dodging
 + Level 3.5 Stealth
 * Level 3.7 Spellcasting
 + Level 1.7 Conjurations
 - Level 0.7 Transmutations
 * Level 5.7 Earth Magic


You had 8 spell levels left.
You knew the following spells:

 Your Spells              Type           Power      Damage    Failure   Level
a - Sandblast             Erth           44%        2d11      1%          1
b - Stone Arrow           Conj/Erth      30%        3d8       11%         3

Your spell library contained the following spells:

 Spells                   Type           Power      Damage    Failure   Level
 Passwall                 Tmut/Erth      11%        N/A       7%          2
 Petrify                  Tmut/Erth      14%        N/A       41%         4
 Gell's Gravitas          Tloc           3%         N/A       43%         3
 Lesser Beckoning         Tloc           3%         N/A       43%         3
 Teleport Other           Tloc           3%         N/A       43%         3
 Summon Forest            Summ/Tloc      1%         N/A       99%         5
 Eringya's Noxious Bog    Tmut/Pois      2%         N/A       100%        6
 Summon Hydra             Summ           1%         N/A       100%        7


Dungeon Overview and Level Annotations

Branches:
Dungeon (4/15)
 Temple: D:4-7

Altars:
Zin

Annotations:
D:4 Pikel


Innate Abilities, Weirdness & Mutations

You are immune to sickness and miasma.
Your stone body is resilient. (AC +4)
You are immune to poison.
You resist negative energy. (rN+)
You are resistant to electric shocks. (rElec)
You are resistant to unholy torment.
You are immune to petrification.


Message History

The blast of sand hits the lemure!
The lemure is moderately wounded.
The lemure hits you but does no damage.
The blast of sand hits Pikel but does no damage.
The lemure barely misses you. The lemure closely misses you.
The lemure barely misses you. Pikel misses you.
The blast of sand hits the lemure!
The lemure is severely wounded.
The lemure hits you. The lemure closely misses you. Pikel barely misses you.
The lemure hits you but does no damage.
The blast of sand hits the lemure.
The lemure is severely wounded.
The lemure hits you. Pikel barely misses you. The lemure barely misses you.
The lemure hits you. The lemure hits you but does no damage.
The lemure hits you. Pikel misses you. The lemure hits you.
You are too injured to fight recklessly!
Unknown command.
Casting: Sandblast (safe; 1% risk of failure)
Confirm with . or Enter, or press ? or * to list all spells.
The spell is quite dangerous to miscast (11% risk of failure)!
Continue anyway?
Aiming: Stone Arrow (quite dangerous; 11% risk of failure)
Press: ? - help, Shift-Dir - straight line, p - lemure The stone arrow hits Pikel but does no damage.
The lemure hits you!
* * * LOW HITPOINT WARNING * * *
The lemure hits you but does no damage. Pikel closely misses you.
The lemure hits you but does no damage.
Casting: Stone Arrow (quite dangerous; 11% risk of failure)
Confirm with . or Enter, or press ? or * to list all spells.
The spell is quite dangerous to miscast (11% risk of failure)!
Continue anyway?
Aiming: Stone Arrow (quite dangerous; 11% risk of failure)
Press: ? - help, Shift-Dir - straight line, f - Pikel
Aim: Pikel, wielding a +2 whip of flaming and wearing a +2 robe of positive energy (haloed, 74% to hit)
The stone arrow hits Pikel!
Pikel is moderately wounded.
The lemure hits you.
* * * LOW HITPOINT WARNING * * *
The lemure hits you but does no damage.
Pikel hits you with a +2 whip of flaming!
You die...

..###..#######
..###..##...####...####
...#...'.......#......#
...#...#.......#.....>#
...#...#.......#.....#
...##..###....##.....##
...##..###....##5.....+
#####.........##5K...#
...##.........##@5...#
...##...##.......5...#
..)##...##..............
...).<..................
...##...................
...##...##..............
...##...##....##........
........########........
.......... .......


You could see Pikel and 4 lemures.

Vanquished Creatures
  An ice beast (D:4)
  A scorpion (D:4)
  9 adders
  3 gnolls (D:4)
  2 dart slugs
  An orc (D:3)
  4 endoplasms (D:2)
  3 giant cockroaches
  5 goblins
  12 hobgoblins
  4 quokkas
  4 ball pythons
  4 bats
  3 frilled lizards
  5 kobolds
  8 rats
69 creatures vanquished.

Notes
Turn   | Place    | Note
-------+----------+-------------------------------------------
     0 | D:1      | 123456 the Gargoyle Earth Elementalist began the quest for
                  | the Orb.
     0 | D:1      | Reached XP level 1. HP: 10/10 MP: 3/3
   348 | D:1      | Found a faded altar of an unknown god.
   391 | D:1      | Reached XP level 2. HP: 14/15 MP: 0/5
   971 | D:2      | Reached skill level 4 in Earth Magic
   984 | D:2      | Reached XP level 3. HP: 19/19 MP: 4/6
  1272 | D:2      | Reached XP level 4. HP: 24/24 MP: 8/8
  1296 | D:2      | Learned a level 3 spell: Stone Arrow
  2212 | D:3      | Found the +3 woodcutter's axe {vorpal}
  2596 | D:3      | Found a glowing silver altar of Zin.
  3071 | D:4      | Reached XP level 5. HP: 28/28 MP: 7/9
  3075 | D:4      | Reached skill level 5 in Earth Magic
  3077 | D:4      | Reached skill level 1 in Conjurations
  3329 | D:4      | Reached XP level 6. HP: 24/32 MP: 8/11
  3354 | D:4      | Noticed an ice beast
  3524 | D:4      | Killed an ice beast
  3710 | D:4      | Noticed Pikel
  3718 | D:4      | Mangled by Pikel

Illustrated notes

Levels and vault maps discovered:
D:1:      onia_arrival_mini_maze, layout_basic, basic_ecumenical_altar,
          minmay_misc_feat_roman, kennysheep_crisscross
D:2:      minmay_angry_zag, layout_basic,
          nicolae_concentric_dashed_squares_mild, minmay_box_of_dots
D:3:      layout_basic, mainiacjoe_overflow_alcove_4
D:4:      layout_gridville, uniq_pikel

Skill      XL: |  1  2  3  4  5 |
---------------+----------------+-----
Earth Magic    | 4 5 |  5.7
Dodging        | 2 |  2.5
Spellcasting   | 3 |  3.7
Stealth        | 3 |  3.5
Conjurations   | 1 |  1.7
Transmutations | |  0.7

Action                   |  1- 3 |  4- 6 || total
-------------------------+-------+-------++-------
Melee: Dagger            |     2 |       ||     2
       Short sword       |       |     5 ||     5
 Cast: Sandblast         |    35 |    65 ||   100
       Stone Arrow       |       |     4 ||     4
  Use: Scroll            |       |     2 ||     2
Armor: Robe              |     8 |    16 ||    24
Dodge: Dodged            |    14 |    32 ||    46

Table legend: (Time is in decaauts)
 A = Elapsed time spent in this place.
 B = Non-inter-level travel time spent in this place.
 C = Inter-level travel time spent in this place.
 D = Time resting spent in this place.
 E = Time spent auto-exploring this place.
 F = Levels seen in this place.
 G = Mean time per level.
                   A        B        C        D        E       F      G
               +--------+--------+--------+--------+--------+-----+--------+
         Total |   3766 |   3638 |    128 |    232 |   2948 |   4 |  941.5 |
       Dungeon |   3766 |   3638 |    128 |    232 |   2948 |   4 |  941.5 |
               +--------+--------+--------+--------+--------+-----+--------+

Top non-repeatable levels by time:
     D:3: 1200 daAuts
     D:2: 999 daAuts
     D:1: 901 daAuts
     D:4: 664 daAuts
